 Dungeon Crawl Stone Soup version 0.17-a0-1914-gde4187c (webtiles) character file.

7 Kolbur the Chiller (level 2, -1/19 HPs)
             Began as a Merfolk Ice Elementalist on Sept 26, 2015.
             Slain by Natasha (7 damage)
             ... on level 2 of the Dungeon.
             The game lasted 00:04:04 (312 turns).

Kolbur the Chiller (Merfolk Ice Elementalist)        Turns: 312, Time: 00:04:04

Health: -1/19      AC:  4    Str:  8    XL:     2   Next: 0%
Magic:  0/5        EV: 13    Int: 14    God:
Gold:   0          SH:  0    Dex: 14    Spells: 1 memorised, 4 levels left

rFire  . . .     SeeInvis .     g - +0 dagger
rCold  . . .     Clarity  .     a - +0 robe
rNeg   . . .     SustAt   .     (no shield)
rPois  .         Gourm    .     (no helmet)
rElec  .         Spirit   .     d - +0 cloak
rCorr  .         Warding  .     (no gloves)
rMut   .         Stasis   .     j - +0 pair of boots
MR     .....                    (no amulet)
Stlth  ++........               (no ring)
                                (no ring)

@: not resistant to hostile enchantments, unstealthy
A: change form in water, swift swim
a: no special abilities


You were on level 2 of the Dungeon.
You were not hungry.

You visited 1 branch of the dungeon, and saw 2 of its levels.

Inventory:

Hand weapons
 g - a +0 dagger (weapon)
Armour
 a - a +0 robe (worn)
 d - a +0 cloak (worn)
 j - a +0 pair of boots (worn)
Scrolls
 f - a scroll of fear {unknown}
 i - a scroll of remove curse {unknown}
 k - a scroll of immolation {unknown}
Potions
 h - a potion of might {unknown}
Books
 b - a book of Frost

   Spells                             Type                      Level
   a - Freeze                         Ice                          1
   b - Throw Frost                    Conjuration/Ice              2
   c - Ozocubu's Armour               Charms/Ice                   3
   d - Throw Icicle                   Conjuration/Ice              4
   e - Summon Ice Beast               Ice/Summoning                4
   f - Condensation Shield            Ice                          4
Comestibles
 c - a bread ration


   Skills:
 - Level 2.6 Dodging
 - Level 2.1 Stealth
 - Level 2.0 Spellcasting
   Level 0.7 Conjurations
 + Level 3.8 Ice Magic


You had 4 spell levels left.
You knew the following spells:

 Your Spells              Type           Power        Failure   Level  Hunger
a - Freeze                Ice            ##..         6%          1    ##.....


Dungeon Overview and Level Annotations

Branches:
Dungeon (2/15)

Altars:

Annotations:
D:2 Ijyb, Natasha


Message History

Confirm with . or Enter, or press ? or * to list all spells.
Aiming: Freeze
Press: ? - help, Shift-Dir - straight line, f/p - Natasha
Aim: Natasha (heavily wounded)
You freeze Natasha.
Natasha is severely wounded.
Natasha claws you but does no damage.
You hit Natasha.
Natasha is almost dead.
Natasha claws you.
A worm comes into view.
You hit Natasha but do no damage.
Natasha is almost dead.
Ijyb screams, "Me stronger than you!"
Natasha stares at you and mumbles some strange words.
The magic dart hits you!
You closely miss Natasha.
Natasha is almost dead.
Natasha claws you!
You die...

#.####
#.#
#.g....#
#.######
.. ####.


.Kw #h# #@# ### You could see a worm, Natasha and a kobold.

Vanquished Creatures
  A giant cockroach (D:1)
  A jackal (D:1)
  A giant gecko (D:1)
  2 giant newts (D:1)
  A kobold (D:2)
  2 rats (D:1)
8 creatures vanquished.

Notes
Turn   | Place    | Note
--------------------------------------------------------------
     0 | D:1      | Kolbur the Merfolk Ice Elementalist began the quest for the Orb.
     0 | D:1      | Reached XP level 1. HP: 13/13 MP: 3/3
   148 | D:2      | Noticed Ijyb
   297 | D:1      | Reached XP level 2. HP: 19/19 MP: 1/5
   307 | D:2      | Noticed Natasha
   312 | D:2      | Slain by Natasha

Vault maps used:
D:1:      roderic_crop_circles_arrival_small, minmay_misc_feat_x,
          interstate_on_off
D:2:      uniq_robin, uniq_sigmund, uniq_natasha, uniq_crazy_yiuf_cottage,
          uniq_iyjb

Action                   || total
-------------------------++-------
Melee: Dagger            ||     5
       Unarmed           ||     2
Throw: Stone             ||     1
 Cast: Freeze            ||    11
 Stab: Sleeping          ||     2

Vault maps used:
D:1:      roderic_crop_circles_arrival_small, minmay_misc_feat_x,
          interstate_on_off
D:2:      uniq_robin, uniq_sigmund, uniq_natasha, uniq_crazy_yiuf_cottage,
          uniq_iyjb

Table legend:
 A = Turns spent in this place as a percentage of turns spent in the entire game.
 B = Non-inter-level travel turns spent in this place as a percentage of non-inter-level travel turns spent in the entire game.
 C = Inter-level travel turns spent in this place as a percentage of turns spent in this place.
 D = Turns resting spent in this place as a percentage of non-inter-level travel turns spent in this place.
 E = Turns spent auto-exploring this place as a percentage of non-inter-level travel turns spent in this place.
 F = Non-inter-level travel turns spent in this place divided by the number of levels of this place that you've seen.
                   A       B       C       D       E      F
               +-------+-------+-------+-------+-------+----------------------
         Total | 100.0 | 100.0 |   0.0 |   0.0 |   0.4 | 134.5
       Dungeon | 100.0 | 100.0 |   0.0 |   0.0 |   0.4 | 134.5
               +-------+-------+-------+-------+-------+----------------------
